 Dungeon Sprint DCSS version 0.27-a0-1331-g60ef6b6952 (webtiles) character file.

Game seed: 139217321514510777

34217 Conn the Eclecticist (level 13, -22/71 HPs)
             Began as a Gargoyle Ice Elementalist on June 25, 2021.
             Was a High Priest of Sif Muna.
             Killed from afar by Lom Lobon (58 damage)
             ... with a great icy blast
             ... in the Dungeon (Sprint I: "Red Sonja").
             The game lasted 01:33:24 (8295 turns).

Conn the Eclecticist (Gargoyle Ice Elementalist)    Turns: 8295, Time: 01:33:25

Health: -22/71     AC: 14    Str: 16    XL:     13   Next: 76%
Magic:  11/36      EV: 14    Int: 26    God:    Sif Muna [*****.]
Gold:   56         SH: 10    Dex: 13    Spells: 2/51 levels left

rFire    . . .     SeeInvis .   F - +7 war axe of Oenomania {vorpal, *Rage Str+3 Dex+3}
rCold    + + .     Faith    .   e - +0 buckler {rN+}
rNeg     + + +     Spirit   .   a - +0 robe
rPois    ∞         Reflect  +   d - -2 hat of the Alchemist {rElec rPois rF+ rC+ rN+ Will+ rMut rCorr}
rElec    +         Harm     .   x - +0 cloak {rPois}
rCorr    +         Rampage  +   (no gloves)
rMut     +         Rnd*Rage +   A - +2 pair of boots {rampage}
Will     +....     NoTele   +   D - amulet of reflection
Stlth    +++.......             g - +6 ring of intelligence
HPRegen  0.21/turn              h - ring "Oruruaroer" {Ice +Blink rN+}
MPRegen  0.25/turn

@: flying (expiring)
A: sickness immunity, AC +9, negative energy resistance 1, electricity
resistance, torment resistance 1, petrification resistance
a: Renounce Religion, Evoke Blink, Channel Magic, Forget Spell, Divine Exegesis


You were in the Dungeon.
You worshipped Sif Muna.
Sif Muna was extremely pleased with you.
You visited 1 branch You collected 6376 gold pieces.
You spent 6320 gold pieces at shops.

Inventory:

Hand Weapons
 j - a +0 scythe
 l - a +2 short sword of distortion
 C - the +8 mithril axe "Arga" {speed, Will+}
   (You bought it in a shop in the Dungeon)

   Attacks with this weapon are significantly faster.
   It increases your willpower.
 F - the +7 war axe of Oenomania (weapon) {vorpal, *Rage Str+3 Dex+3}
   (You found it in the Dungeon)

   It inflicts extra damage upon your enemies.
   It affects your strength (+3).
   It affects your dexterity (+3).
   It may make you go berserk in combat.
Missiles
 i - 3 curare-tipped darts (quivered)
Armour
 a - a +0 robe (worn)
 d - the -2 hat of the Alchemist (worn) {rElec rPois rF+ rC+ rN+ Will+ rMut rCorr}
   (You bought it in a shop in the Dungeon)

   It protects you from fire.
   It protects you from cold.
   It insulates you from electricity.
   It protects you from poison.
   It protects you from negative energy.
   It protects you from acid and corrosion.
   It protects you from mutation.
   It increases your willpower.
 e - a +0 buckler of positive energy (worn)
 n - a +1 pair of boots
 q - +2 swamp dragon scales
 x - a +0 cloak of poison resistance (worn)
 A - a +2 pair of boots of rampaging (worn)
 B - the +5 scale mail of Relativism {rCorr Str+7 Int-4}
   (You found it in the Dungeon)

   It affects your strength (+7).
   It affects your intelligence (-4).
   It protects you from acid and corrosion.
Magical Staves
 y - a staff of air
Jewellery
 g - a +6 ring of intelligence (left hand)
 h - the ring "Oruruaroer" (right hand) {Ice +Blink rN+}
   (You bought it in a shop in the Dungeon)

   [ring of ice]

   It enhances your ice magic.
   It makes you vulnerable to fire.
   It protects you from cold.
   It protects you from negative energy.
   It lets you blink.
 m - the ring of Couf {Str+3 Dex+6}
   (You found it in the Dungeon)

   [ring of dexterity]

   It affects your strength (+3).
   It affects your dexterity (+6).
 r - an amulet of magic regeneration
 z - the ring "Loqibyni" {*Slow rPois rC+ rN+}
   (You found it in the Dungeon)

   [ring of protection from cold]

   It protects you from cold.
   It protects you from poison.
   It protects you from negative energy.
   It may slow you when you take damage.
 D - an amulet of reflection (around neck)
Wands
 c - a wand of mindburst (9)
 o - a wand of charming (7)
 p - a wand of iceblast (6)
 w - a wand of paralysis (10)
Scrolls
 s - 3 scrolls of identify
 t - a scroll of fog {unknown}
 u - a scroll of immolation {unknown}
 v - a scroll of torment


   Skills:
 + Level 4.3 Fighting
 + Level 1.3 Short Blades
 + Level 2.1 Polearms
 + Level 0.3 Throwing
 - Level 5.4 Armour
 + Level 5.2 Dodging
 + Level 4.2 Stealth
 - Level 5.4 Shields
 - Level 19.5 Spellcasting
 * Level 13.5 Conjurations
 - Level 6.0 Hexes
 + Level 1.2 Summonings
 + Level 5.8 Translocations
 + Level 19.1 Ice Magic
 - Level 6.0 Air Magic
 + Level 0.2 Earth Magic
 - Level 5.4 Invocations
 + Level 2.2 Evocations


You had 2 spell levels left.
You knew the following spells:

 Your Spells              Type           Power      Damage    Failure   Level
a - Freeze                Ice            100%       1d11      0%          1
b - Frozen Ramparts       Ice            100%       1d12      0%          3
c - Ozocubu's Armour      Ice            100%       N/A       0%          3
d - Hailstorm             Conj/Ice       100%       3d20      1%          4
e - Metabolic Englaciati  Hex/Ice        47%        N/A       1%          5
f - Iskenderun's Mystic   Conj/Tloc      66%        2d14      1%          4
g - Airstrike             Air            27%        N/A       1%          4
h - Ozocubu's Refrigerat  Ice            56%        4d16      1%          7
i - Blink                 Tloc           N/A        N/A       1%          2
j - Stone Arrow           Conj/Erth      100%       3d13      1%          3
k - Iskenderun's Battles  Conj           77%        2d13      1%          5
l - Orb of Destruction    Conj           38%        9d13      5%          7
m - Apportation           Tloc           100%       N/A       1%          1

Your spell library contained the following spells:

 Spells                   Type           Power      Damage    Failure   Level
 Magic Dart               Conj           100%       1d8       0%          1
 Ensorcelled Hibernation  Hex/Ice        100%       N/A       0%          2
 Searing Ray              Conj           100%       3d7       0%          2
 Beastly Appendage        Tmut           50%        N/A       1%          1
 Summon Small Mammal      Summ           100%       N/A       1%          1
 Call Imp                 Summ           31%        N/A       1%          2
 Slow                     Hex            54%        N/A       1%          2
 Static Discharge         Conj/Air       66%        N/A       1%          2
 Passwall                 Tmut/Erth      20%        N/A       2%          2
 Confusing Touch          Hex            54%        N/A       1%          3
 Conjure Flame            Conj/Fire      57%        6-21      1%          3
 Dazzling Flash           Conj/Hex       100%       N/A       1%          3
 Gell's Gravitas          Tloc           27%        N/A       1%          3
 Inner Flame              Hex/Fire       41%        N/A       1%          3
 Lesser Beckoning         Tloc           27%        N/A       1%          3
 Mephitic Cloud           Conj/Pois/Air  56%        N/A       1%          3
 Teleport Other           Tloc           54%        N/A       1%          3
 Fulminant Prism          Conj/Hex       33%        3d16      1%          4
 Ice Form                 Ice/Tmut       85%        N/A       1%          4
 Sticky Flame             Conj/Fire      57%        2d7       1%          4
 Summon Ice Beast         Ice/Summ       87%        N/A       1%          4
 Lightning Bolt           Conj/Air       33%        1d50      1%          5
 Fireball                 Conj/Fire      28%        3d12      3%          5
 Irradiate                Conj/Tmut      28%        3d23      3%          5
 Leda's Liquefaction      Hex/Erth       20%        N/A       4%          4
 Summon Lightning Spire   Summ/Air       44%        N/A       4%          4
 Manifold Assault         Tloc           54%        N/A       4%          5
 Silence                  Hex/Air        27%        N/A       4%          5
 Simulacrum               Ice/Necr       42%        N/A       5%          6
 Invisibility             Hex            27%        N/A       22%         6
 Alistair's Intoxication  Tmut/Pois      16%        N/A       43%         5
 Spellforged Servitor     Conj/Summ      29%        N/A       56%         7
 Malign Gateway           Summ/Tloc      21%        N/A       98%         7
 Lehudib's Crystal Spear  Conj/Erth      28%        10d8      100%        8
 Necromutation            Tmut/Necr      12%        N/A       100%        8
 Chain Lightning          Conj/Air       33%        3d44      100%        9


Dungeon Overview and Level Annotations

Branches:
Dungeon (1/1)

Altars:
Cheibriados
Dithmenos
Elyvilon
Fedhas
Gozag
Hepliaklqana
Kikubaaqudgha
Makhleb
Nemelex Xobeh
Okawaru
Qazlal
Ru
Sif Muna
Trog
Uskayaw
Vehumet
Wu Jian
Xom
Yredelemnul
Zin
The Shining One
Jiyva
Lugonu

Shops:
D [((([[*=(!(*(?::(:?[![

Annotations:
D Lom Lobon


Innate Abilities, Weirdness & Mutations

You are immune to sickness and miasma.
Your stone body is resilient. (AC +9)
You are immune to poison.
You resist negative energy. (rN+)
You are resistant to electric shocks. (rElec)
You are resistant to unholy torment.
You are immune to petrification.


Message History

Aim: Lom Lobon (moderately wounded) Lom Lobon gestures.
A freezing vortex appears around Lom Lobon!
The freezing vortex lifts you up.
You fly up into the air.
Unknown command.
Your orb of destruction hits a stone wall.
Casting: Orb of Destruction (quite dangerous; 5% risk of failure)
Confirm with . or Enter, or press ? or * to list all spells.
You erupt in a blast of force!
The mystic blast hits Lom Lobon!
Lom Lobon is moderately wounded.
Lom Lobon is knocked back by the mystic blast.
You are engulfed in whirling frost.
Casting: Iskenderun's Mystic Blast (safe; 1% risk of failure)
Confirm with . or Enter, or press ? or * to list all spells.
You erupt in a blast of force!
The mystic blast hits Lom Lobon!!
Lom Lobon is moderately wounded.
Lom Lobon is knocked back by the mystic blast.
You are engulfed in whirling frost.
Casting: Iskenderun's Mystic Blast (safe; 1% risk of failure)
Confirm with . or Enter, or press ? or * to list all spells.
The spell is quite dangerous to cast (5% risk of failure)!
Continue anyway?
Aiming: Orb of Destruction (quite dangerous; 5% risk of failure)
Press: ? - help, Shift-Dir - straight line, f/p - Lom Lobon
Aim: Lom Lobon (moderately wounded, surrounded by a freezing vortex)
You are engulfed in whirling frost.
You feel less invigorated.
The orb of destruction hits Lom Lobon!!!
Lom Lobon is heavily wounded.
Casting: Orb of Destruction (quite dangerous; 5% risk of failure)
Confirm with . or Enter, or press ? or * to list all spells.
The spell is quite dangerous to cast (5% risk of failure)!
Continue anyway?
Aiming: Orb of Destruction (quite dangerous; 5% risk of failure)
Press: ? - help, Shift-Dir - straight line, f/p - Lom Lobon
Aim: Lom Lobon (whirling frost, heavily wounded, surrounded by a freezing vortex)
You are engulfed in whirling frost.
The winds around Lom Lobon start to calm down.
Lom Lobon gestures at you.
Lom Lobon conjures a mighty blast of ice!
The great icy blast engulfs you!!! You partially resist.
Ouch! That really hurt!
You die...

####..##§#§§≈§§#§.##+####°..#)#.#
___##'#_§+§§§§§§..#§^°○○#...###..
∩...'.[.§#§§§§.#..#^).°°○.....##.
.__##_.#'##)#####&###^○.#^....#§.
___###'#.#.(.(###.'.#☼○.###''##.#
######.####'###.###&#.^###..###..
....'...'.....'.∩##§#..####..###.
'####...###########§##'#..#○.#.##
..####.###§§§&§*@##§##[#...○.....
...#.#'#.#§§§§§§§§§§####.........
...#.....#§§§######§#)['......###
...#...(.#§§.§§*&.#§#####.°.###.)
#..#######§..§§..#§§#..(#####.).#
...##.)[........≈####.......).###
...##..).......≈≈##..)....#####.°
...###.......≈≈≈###......##^..^..
'### ###..≈≈≈≈### #[....##○.^.°.°


You could see Lom Lobon (gusty, ally target).

Vanquished Creatures
  the Lernaean hydra (D)
  A golden dragon (D)
  A deep elf master archer (D)
  A shadow dragon (D)
  A daeva (D)
  4 fire giants (D)
  A lorocyproca (D)
  A deep elf annihilator (D)
  A mummy priest (D)
  A hydra (D)
  2 centaur warriors (D)
  Sonja (D)
  A deep troll (D)
  A lindwurm (D)
  2 oklob plants (D)
  2 merfolk sirens (D)
  A gargoyle (D)
  7 unseen horrors (D)
  2 kobold demonologists (D)
  4 demonic crawlers (D)
  A hellwing (D)
  5 hornets (D)
  A meliai (D)
  A slime creature (D)
  Sigmund (D)
  2 redbacks (D)
  A yak (D)
  13 hogs (D)
  7 floating eyes (D)
  7 necrophages (D)
  An ogre (D)
  8 jellies (D)
  Ijyb (D)
  3 ball lightnings (D)
88 creatures vanquished.

Vanquished Creatures (collateral kills)
  8 shining eyes (D)
8 creatures vanquished.

Vanquished Creatures (others)
  A gargoyle (D)
  11 ball lightnings (D)
  2 ballistomycete spores (D)
14 creatures vanquished.

Grand Total: 110 creatures vanquished

Notes
Turn   | Place    | Note
-------+----------+-------------------------------------------
     0 | D        | Conn the Gargoyle Ice Elementalist began the quest for the
                  | Orb.
     0 | D        | Reached XP level 1. HP: 10/10 MP: 3/3
     1 | D        | Noticed Ijyb
    13 | D        | Killed Ijyb
    14 | D        | Reached XP level 2. HP: 4/16 MP: 3/5
    14 | D        | Reached XP level 3. HP: 5/20 MP: 3/6
    92 | D        | Killed a gargoyle
   288 | D        | Noticed an ogre
   307 | D        | Killed an ogre
   308 | D        | Reached skill level 1 in Fighting
   308 | D        | Reached XP level 4. HP: 21/25 MP: 0/9
   328 | D        | Learned a level 3 spell: Frozen Ramparts
   329 | D        | Noticed Sigmund
   344 | D        | Learned a level 3 spell: Ozocubu's Armour
   352 | D        | Killed Sigmund
   353 | D        | Reached skill level 5 in Spellcasting
   353 | D        | Reached XP level 5. HP: 18/29 MP: 2/12
   353 | D        | Reached XP level 6. HP: 21/34 MP: 2/13
   480 | D        | Learned a level 4 spell: Hailstorm
   490 | D        | Found an ornate altar of the Wu Jian Council.
   490 | D        | Found a shimmering blue altar of Sif Muna.
   492 | D        | Found a radiant altar of Vehumet.
   503 | D        | Became a worshipper of Sif Muna the Loreminder
   618 | D        | Learned a level 5 spell: Metabolic Englaciation
   618 | D        | Found Oliyde's Weapon Emporium.
   618 | D        | Found an ancient bone altar of Kikubaaqudgha.
   618 | D        | Found a hazy altar of Hepliaklqana.
   618 | D        | Found a stormy altar of Qazlal.
   618 | D        | Found a hide-covered altar of Uskayaw.
   618 | D        | Found a blossoming altar of Fedhas.
   618 | D        | Found a bloodstained altar of Trog.
   618 | D        | Found an iron altar of Okawaru.
   618 | D        | Found a basalt altar of Yredelemnul.
   618 | D        | Found a glowing golden altar of the Shining One.
   618 | D        | Found a snail-covered altar of Cheibriados.
   618 | D        | Found a sacrificial altar of Ru.
   618 | D        | Found a glowing silver altar of Zin.
   618 | D        | Found a shadowy altar of Dithmenos.
   618 | D        | Found a white marble altar of Elyvilon.
   618 | D        | Noticed a yak
   624 | D        | Killed a yak
   625 | D        | Reached XP level 7. HP: 35/38 MP: 5/16
   625 | D        | Found an opulent altar of Gozag.
   627 | D        | Found a sparkling altar of Nemelex Xobeh.
   682 | D        | Found a burning altar of Makhleb.
   682 | D        | Found a viscous altar of Jiyva.
   682 | D        | Found a shimmering altar of Xom.
   682 | D        | Found a corrupted altar of Lugonu.
   682 | D        | Noticed a slime creature
   699 | D        | Killed a slime creature
   927 | D        | Noticed Sonja
   932 | D        | Killed Sonja
   932 | D        | Reached * piety under Sif Muna
   933 | D        | Reached skill level 1 in Polearms
   933 | D        | Reached skill level 5 in Conjurations
   933 | D        | Reached skill level 1 in Evocations
   933 | D        | Reached XP level 8. HP: 35/45 MP: 6/21
  1030 | D        | Found Igaplis's Antique Armour Boutique.
  1038 | D        | Bought a pair of embroidered boots for 217 gold pieces
  1055 | D        | Noticed a deep troll
  1062 | D        | Killed a deep troll
  1063 | D        | Reached XP level 9. HP: 23/49 MP: 7/22
  1073 | D        | Found Numnoigeg's Armour Emporium.
  1243 | D        | Noticed a shining eye
  1243 | D        | Noticed a shining eye
  1243 | D        | Noticed a shining eye
  1248 | D        | Paralysed by a floating eye for 4 turns
  1250 | D        | Reached skill level 10 in Spellcasting
  1250 | D        | Reached ** piety under Sif Muna
  1328 | D        | Noticed a kobold demonologist
  1330 | D        | Noticed a rust devil
  1330 | D        | Killed a kobold demonologist
  1330 | D        | Noticed a kobold demonologist
  1332 | D        | Killed a kobold demonologist
  1466 | D        | Noticed a centaur warrior
  1472 | D        | Noticed a centaur warrior
  1472 | D        | Killed a centaur warrior
  1472 | D        | Reached *** piety under Sif Muna
  1473 | D        | Reached skill level 15 in Ice Magic
  1476 | D        | Killed a centaur warrior
  1477 | D        | Reached skill level 5 in Hexes
  1477 | D        | Reached skill level 1 in Invocations
  1477 | D        | Reached XP level 10. HP: 38/56 MP: 19/25
  1657 | D        | Noticed an oklob plant
  1943 | D        | Killed an oklob plant
  2063 | D        | Reached **** piety under Sif Muna
  2186 | D        | Paralysed by a floating eye for 4 turns
  2204 | D        | Reached ***** piety under Sif Muna
  2212 | D        | Identified Sif Muna's Disquisition on Flying Dislocation
                  | (Sif Muna gifted it to you in the Dungeon)
  2212 | D        | Received a gift from Sif Muna
  2214 | D        | Killed an unseen horror
  2214 | D        | Killed an unseen horror
  2229 | D        | Learned a level 4 spell: Iskenderun's Mystic Blast
  2234 | D        | Learned a level 4 spell: Airstrike
  2523 | D        | Reached skill level 1 in Translocations
  2523 | D        | Identified Sif Muna's Reference Book on the Snowflakes (Sif
                  | Muna gifted it to you in the Dungeon)
  2523 | D        | Received a gift from Sif Muna
  2524 | D        | Reached skill level 1 in Air Magic
  2534 | D        | Learned a level 7 spell: Ozocubu's Refrigeration
  2537 | D        | Identified the +1 plate armour of the Camelopard {rC+
                  | Slay+4}
  2539 | D        | Identified the +5 scale mail of Relativism {rCorr Str+7
                  | Int-4}
  2548 | D        | Found Wutiyq's Jewellery Shoppe.
  2548 | D        | Found Oxkoq's General Store.
  2548 | D        | Found Xuenij's Antique Weapon Boutique.
  2550 | D        | Found Ulyipagg's Distillery.
  2550 | D        | Found Gaestrae's Weapon Shop.
  2550 | D        | Found Wieckor's General Store.
  2550 | D        | Found Tiwottau's Weapon Boutique.
  2550 | D        | Found Xoung's Magic Scroll Emporium.
  2550 | D        | Found Qycri's Book Shop.
  2550 | D        | Found Xaizept's Book Shoppe.
  2554 | D        | Found Anobaoda's Antique Weapon Boutique.
  2555 | D        | Found Xaugeq's Magic Scroll Emporium.
  2555 | D        | Found Keeng's Book Boutique.
  2556 | D        | Found Rutauroz's Distillery.
  2571 | D        | Bought a book of Minor Magic for 220 gold pieces
  2574 | D        | Learned a level 2 spell: Blink
  2668 | D        | Learned a level 4 spell: Summon Ice Beast
  2685 | D        | Killed a shining eye
  2732 | D        | Killed a shining eye
  2733 | D        | Reached XP level 11. HP: 60/60 MP: 23/28
  2736 | D        | Killed a shining eye
  2747 | D        | Paralysed by a floating eye for 2 turns
  2761 | D        | Noticed a shining eye
  2761 | D        | Noticed a shining eye
  2761 | D        | Noticed a shining eye
  2772 | D        | Killed a shining eye
  2782 | D        | Killed a shining eye
  2814 | D        | Killed a shining eye
  2816 | D        | Noticed a shining eye
  2816 | D        | Noticed a shining eye
  2832 | D        | Killed a shining eye
  2832 | D        | Identified Nibuxt's Handbook of Shifting Confrontation (Sif
                  | Muna gifted it to you in the Dungeon)
  2832 | D        | Received a gift from Sif Muna
  2833 | D        | Reached skill level 1 in Summonings
  2833 | D        | Reached skill level 5 in Invocations
  2861 | D        | Killed a shining eye
  2866 | D        | Found Kehaurel's Armour Shop.
  2866 | D        | Found Dunne's Weapon Shoppe.
  2866 | D        | Found Ratzuk's Antique Armour Boutique.
  2866 | D        | Found Ruguj's Antique Weapon Emporium.
  2882 | D        | Bought the -2 hat of the Alchemist {rElec rPois rF+ rC+ rN+
                  | Will+ rMut rCorr} for 566 gold pieces
  2882 | D        | Found the -2 hat of the Alchemist {rElec rPois rF+ rC+ rN+
                  | Will+ rMut rCorr}
  2965 | D        | Bought the ring "Oruruaroer" {Ice +Blink rN+} for 432 gold
                  | pieces
  3017 | D        | Learned a level 5 spell: Metabolic Englaciation
  3021 | D        | HP: 1/60 [demonic crawler (6)]
  3873 | D        | Learned a level 3 spell: Stone Arrow
  3876 | D        | Noticed a lindwurm
  3880 | D        | Killed a lindwurm
  4089 | D        | Bought 2 scrolls of blinking for 180 gold pieces
  4169 | D        | Identified Sif Muna's Compendium of the Icy Entourage (Sif
                  | Muna gifted it to you in the Dungeon)
  4169 | D        | Received a gift from Sif Muna
  4186 | D        | Reached ****** piety under Sif Muna
  4186 | D        | Identified Sif Muna's Catalogue of the Captivating
                  | Entourage (Sif Muna gifted it to you in the Dungeon)
  4186 | D        | Received a gift from Sif Muna
  4393 | D        | Noticed a 12-headed hydra
  4402 | D        | Killed a 12-headed hydra
  4403 | D        | Reached skill level 10 in Conjurations
  4489 | D        | Reached skill level 1 in Short Blades
  4797 | D        | Bought a +6 ring of intelligence for 585 gold pieces
  4859 | D        | Noticed a daeva
  4872 | D        | Killed a daeva
  4873 | D        | Reached skill level 15 in Spellcasting
  4873 | D        | Reached skill level 5 in Air Magic
  4873 | D        | Reached XP level 12. HP: 55/66 MP: 3/31
  5003 | D        | Learned a level 5 spell: Iskenderun's Battlesphere
  5014 | D        | Received a gift from Sif Muna
  5164 | D        | Identified the ring of Couf {Str+3 Dex+6}
  5442 | D        | Noticed a fire giant
  5447 | D        | Noticed a fire giant
  5448 | D        | Noticed a fire giant
  5456 | D        | Killed a fire giant
  5456 | D        | Killed a fire giant
  5456 | D        | Killed a fire giant
  5457 | D        | Reached skill level 5 in Translocations
  5503 | D        | Noticed a fire giant
  5535 | D        | Killed a fire giant
  5818 | D        | Noticed a shadow dragon
  5818 | D        | Noticed a golden dragon
  5840 | D        | Killed a shadow dragon
  5842 | D        | Killed a golden dragon
  5842 | D        | Identified Sif Muna's Volume of Battle Magic and Moulding
                  | (Sif Muna gifted it to you in the Dungeon)
  5842 | D        | Received a gift from Sif Muna
  5843 | D        | Reached skill level 5 in Dodging
  5843 | D        | Reached XP level 13. HP: 45/71 MP: 3/35
  5907 | D        | Found Kuchunly's Antique Armour Shoppe.
  5926 | D        | Bought a glowing cloak for 180 gold pieces
  5945 | D        | Learned a level 7 spell: Orb of Destruction
  5977 | D        | Reached skill level 1 in Armour
  5977 | D        | Reached skill level 1 in Shields
  6018 | D        | Noticed a deep elf annihilator
  6029 | D        | Killed a deep elf annihilator
  6082 | D        | Identified Xiupsafi's Compendium of Dislocated Conjuration
                  | (Sif Muna gifted it to you in the Dungeon)
  6082 | D        | Received a gift from Sif Muna
  6125 | D        | Noticed a mummy priest
  6130 | D        | Killed a mummy priest
  6229 | D        | Noticed the 27-headed Lernaean hydra
  6239 | D        | Killed the 27-headed Lernaean hydra
  6564 | D        | Identified the +5 chain mail of the Monkey's Uncle {-Cast
                  | rPois Will++}
  6640 | D        | Noticed a deep elf master archer
  6643 | D        | Killed a deep elf master archer
  6644 | D        | Reached skill level 5 in Armour
  6644 | D        | Reached skill level 5 in Shields
  6903 | D        | Identified the ring "Loqibyni" {*Slow rPois rC+ rN+}
  7013 | D        | Bought runed swamp dragon scales for 1537 gold pieces
  7068 | D        | Killed a lorocyproca
  7068 | D        | Identified Sif Muna's Collected Works on Fiery
                  | Confrontation (Sif Muna gifted it to you in the Dungeon)
  7068 | D        | Received a gift from Sif Muna
  7337 | D        | Bought the +8 mithril axe "Arga" {speed, Will+} for 1873
                  | gold pieces
  7337 | D        | Found the +8 mithril axe "Arga" {speed, Will+}
  7341 | D        | Bought an amulet of reflection for 300 gold pieces
  7493 | D        | Bought a scroll of torment for 90 gold pieces
  7499 | D        | Bought a potion of haste for 140 gold pieces
  7594 | D        | Learned a level 1 spell: Apportation
  7631 | D        | Found the +5 demon whip "Spellbinder" {antimagic, Will+}
  7633 | D        | Identified the +5 glaive of the Boar {elec, Stlth+}
  7634 | D        | Identified the +7 war axe of Oenomania {vorpal, *Rage Str+3
                  | Dex+3}
  7760 | D        | Noticed Lom Lobon
  8295 | D        | Killed from afar by Lom Lobon

Illustrated notes

Levels and vault maps discovered:
D:        dungeon_sprint_1 [red_sonja_temple_1, red_sonja_temple_small_1]

Skill      XL: |  1  2  3  4  5  6  7  8  9 10 11 12 13 |
---------------+----------------------------------------+-----
Ice Magic      | 6 9 11 12 13 14 15 16 17 18 19 | 19.1
Fighting       | 1 2 3 4 |  4.3
Dodging        | 2 3 4 5 |  5.2
Spellcasting   | 3 5 6 9 11 13 15 18 19 | 19.5
Stealth        | 3 4 |  4.2
Conjurations   | 2 5 7 8 10 12 13 | 13.5
Polearms       | 1 2 |  2.1
Hexes          | 2 3 5 6 |  6.0
Evocations     | 1 2 |  2.2
Invocations    | 1 4 5 |  5.4
Translocations | 1 4 5 |  5.8
Air Magic      | 1 5 6 |  6.0
Summonings     | 1 |  1.2
Short Blades   | 1 |  1.3
Armour         | 5 |  5.4
Shields        | 5 |  5.4
Throwing       | |  0.3
Earth Magic    | |  0.2

Action                   |  1- 3 |  4- 6 |  7- 9 | 10-12 | 13-15 || total
-------------------------+-------+-------+-------+-------+-------++-------
Melee: Unarmed           |     9 |     2 |       |       |       ||    11
       Scythe            |       |       |     2 |       |       ||     2
       Short sword       |       |       |       |    31 |     1 ||    32
       War axe           |       |       |       |       |    11 ||    11
Throw: Dart              |       |       |     1 |       |       ||     1
 Cast: Freeze            |     7 |     3 |    14 |    29 |       ||    53
       Frozen Ramparts   |       |     4 |     5 |    10 |     1 ||    20
       Ozocubu's Armour  |       |     2 |     6 |     9 |     2 ||    19
       Hailstorm         |       |       |    10 |    33 |     1 ||    44
       Metabolic Englaci |       |       |     3 |    12 |     1 ||    16
       Summon Ice Beast  |       |       |       |     8 |       ||     8
       Iskenderun's Myst |       |       |       |    48 |    11 ||    59
       Airstrike         |       |       |       |    14 |     2 ||    16
       Ozocubu's Refrige |       |       |       |    17 |    19 ||    36
       Blink             |       |       |       |    14 |     8 ||    22
       Stone Arrow       |       |       |       |     2 |     1 ||     3
       Iskenderun's Batt |       |       |       |     2 |       ||     2
       Orb of Destructio |       |       |       |       |     9 ||     9
Invok: Channel Magic     |       |       |       |     9 |     3 ||    12
       Forget Spell      |       |       |       |     2 |       ||     2
 Abil: Evoke Blink       |       |       |       |       |     5 ||     5
Evoke: Wand              |       |       |     6 |     5 |       ||    11
  Use: Potion            |     2 |     2 |     1 |     1 |     9 ||    15
       Scroll            |       |       |       |     6 |     4 ||    10
Armor: Robe              |     1 |       |    16 |    83 |     1 ||   101
       Scale mail        |       |       |       |       |     8 ||     8
       Swamp dragon scal |       |       |       |       |     1 ||     1
Dodge: Dodged            |     6 |     2 |    13 |    74 |     4 ||    99
Block: Buckler           |       |       |       |       |     3 ||     3

Table legend: (Time is in decaauts)
 A = Elapsed time spent in this place.
 B = Non-inter-level travel time spent in this place.
 C = Inter-level travel time spent in this place.
 D = Time resting spent in this place.
 E = Time spent auto-exploring this place.
 F = Levels seen in this place.
 G = Mean time per level.
                   A        B        C        D        E       F      G
               +--------+--------+--------+--------+--------+-----+--------+
         Total |   8363 |   8078 |    285 |   4721 |      0 |   1 | 8363.0 |
       Dungeon |   8363 |   8078 |    285 |   4721 |      0 |   1 | 8363.0 |
               +--------+--------+--------+--------+--------+-----+--------+

Top non-repeatable levels by time:
       D: 8363 daAuts
